Map: [TLMC20] Sandwyrm

Players

MaxPax

  • Race: Protoss Protoss
  • League: Master
  • Spawn Location: 1:00

LiquidClem (Clem) - Winner!

  • Race: Terran Terran
  • League: Grandmaster
  • Spawn Location: 7:00

VOD

Have the link to the VOD?

Description

Time

  • Played on: March 17, 2025, 10:28 a.m.
  • Length: 17:52
Show
View Real Time Build Order
Export as new Build Order

MaxPax Protoss 

Build Orders: 1 Gate Expand, Blink Stalkers, Colossus Rush 

Get SALT Encoding   

  12  0:00  Probe  
  13  0:12  Probe  
  14  0:16  Pylon  
  14  0:23  Probe  
  15  0:31  Probe  
  15  0:36  Gateway  
  15  0:39  Probe  
  16  0:45  Assimilator  
  17  0:51  Probe  
  18  1:03  Probe  
  19  1:15  Probe  
  20  1:22  Cybernetics Core  
  20  1:31  Nexus  
  20  1:34  Probe  
  21  1:42  Pylon  
  21  1:46  Probe  
  22  1:48  Assimilator  
  22  1:51  Adept  
  22  1:58  Probe  
  25  2:04  Warp Gate  
  24  2:10  Probe  
  24  2:11  Adept  
  28  2:22  Probe  
  28  2:34  Probe  
  28  2:35  Twilight Council  
  28  2:38  Stalker  
  28  2:43  Probe  
  31  2:46  Blink  
  31  2:47  Probe  
  32  2:53  Gateway  
  32  2:55  Probe  
  33  2:59  Probe  
  34  3:07  Probe  
  34  3:11  Probe  
  34  3:12  Shield Battery  
  35  3:23  Probe  
  36  3:27  Robotics Facility  
  36  3:30  Pylon  
  36  3:32  Probe  
  36  3:35  Probe  
  37  3:44  Probe  
  37  3:47  Probe  
  36  3:54  Stalker x2  
  39  3:56  Probe  
  39  3:59  Probe  
  41  4:05  Warp Prism  
  41  4:08  Gateway, Probe  
  42  4:11  Probe  
  45  4:20  Probe  
  45  4:22  Pylon  
  45  4:23  Probe  
  47  4:25  Stalker  
  47  4:31  Stalker  
  51  4:33  Probe  
  51  4:36  Pylon  
  52  4:40  Probe  
  52  4:45  Probe  
  50  4:50  Stalker  
  52  4:53  Probe  
  52  4:57  Probe  
  54  5:06  Probe  
  55  5:08  Assimilator x2  
  55  5:10  Probe  
  55  5:12  Stalker  
  55  5:13  Stalker  
  60  5:17  Robotics Bay  
  60  5:18  Probe  
  60  5:19  Pylon  
  61  5:22  Probe  
  62  5:36  Nexus  
  62  5:37  Probe x2  
  64  5:45  Pylon  
  64  5:49  Colossus, Probe x2  
  66  5:58  Sentry  
  66  5:59  Charge  
  66  6:01  Probe x2  
  76  6:13  Probe  
  76  6:15  Stalker  
  76  6:16  Probe  
  76  6:25  Probe  
  74  6:28  Probe  
  74  6:30  Extended Thermal Lance  
  75  6:33  Colossus  
  75  6:37  Probe  
  76  6:40  Probe  
  76  6:42  Gateway  
  76  6:44  Pylon  
  77  6:49  Gateway  
  77  6:51  Probe  
  84  6:54  Probe  
  84  6:55  Probe  
  84  6:58  Sentry  
  88  7:06  Gateway  
  88  7:07  Shield Battery  
  87  7:08  Probe  
  87  7:13  Probe  
  89  7:21  Gateway x2, Probe  
  89  7:22  Probe  
  91  7:23  Sentry  
  91  7:25  Probe  
  92  7:34  Stalker x2  
  92  7:35  Colossus  
  96  7:46  Pylon  
  96  7:52  Shield Battery, Pylon  
  96  7:54  Probe  
  96  7:55  Forge  
  101  8:04  Probe x2  
  103  8:06  Zealot x3  
  103  8:08  Pylon  
  103  8:10  Probe  
  103  8:11  Zealot x3  
  116  8:16  Probe  
  117  8:23  Disruptor  
  115  8:32  Protoss Ground Weapons Level 1  
  113  8:39  Stalker  
  113  8:40  Stalker x4  
  125  8:56  Photon Cannon  
  125  9:03  Pylon  
  125  9:05  Disruptor  
  125  9:10  Nexus  
  125  9:11  Pylon  
  125  9:13  Pylon  
  117  9:19  Stalker x4  
  117  9:22  Probe  
  117  9:23  Robotics Facility, Probe x2  
  126  9:25  Stalker  
  126  9:26  Stalker x2  
  126  9:29  Assimilator x2  
  132  9:34  Probe, Zealot  
  135  9:40  Disruptor  
  139  9:47  Pylon x2  
  139  9:52  Zealot x5  
  149  9:57  Photon Cannon  
  149  9:58  Pylon  
  144  10:07  Zealot x3  
  140  10:21  Zealot x5  
  128  10:22  Disruptor x2  
  134  10:32  Zealot x2  
  134  10:33  Zealot  
  134  10:34  Probe  
  134  10:35  Probe x3  
  144  10:36  Protoss Ground Weapons Level 2  
  144  10:43  Nexus  
  142  10:53  Stalker x3  
  148  11:02  Dark Shrine  
  148  11:08  Sentry, Zealot x3  
  148  11:09  Disruptor  
  148  11:10  Disruptor  
  155  11:12  Probe x2  
  161  11:21  Stalker x4  
  161  11:43  Pylon  
  161  11:46  Stalker x2  
  164  11:51  Nexus  
  164  11:52  Pylon  
  164  11:55  Pylon  
  164  11:56  Pylon  
  164  12:06  Pylon  
  163  12:13  Disruptor x2  
  169  12:20  Nexus  
  152  12:31  Zealot x8  
  148  12:52  Disruptor  
  148  12:59  Zealot x5  
  148  13:02  Shadow Stride, Zealot x3  
  148  13:03  Disruptor  
  163  13:09  Probe  
  161  13:17  Templar Archives  
  161  13:19  Protoss Ground Armor Level 1  
  160  13:24  Zealot x2  
  160  13:25  Zealot x6  
  176  13:46  Nexus, Dark Templar x2  
  178  13:49  Zealot x3  
  178  13:50  Zealot  
  178  13:54  Zealot  
  180  14:09  Sentry  
  180  14:15  High Templar x4  
  188  14:20  Pylon, Archon x2  
  188  14:21  Pylon  
  184  14:31  Pylon  
  182  14:40  High Templar x4  
  182  14:44  Archon x2  
  190  14:50  Immortal x2  
  190  14:51  Pylon  
  186  15:02  High Templar  
  186  15:03  High Templar, Zealot x2  
  194  15:08  Archon  
  188  15:16  Nexus  
  186  15:22  Zealot  
  186  15:23  Zealot x3  
  194  15:33  Warp Prism  
  194  15:35  High Templar x2  
  198  15:41  Archon  
  192  15:49  Zealot x4  
  200  16:03  Pylon  
  196  16:14  Stalker x2  
  164  16:45  Stalker x8  
  146  17:06  Nexus  
  144  17:15  Zealot x8  
Show
View Real Time Build Order
Export as new Build Order

LiquidClem Terran - Winner!

Build Orders:  

Get SALT Encoding   

  12  0:00  SCV  
  13  0:12  SCV  
  14  0:16  Supply Depot  
  14  0:24  SCV  
  15  0:38  SCV  
  15  0:39  Barracks  
  16  0:43  Refinery  
  16  0:50  SCV  
  16  0:52  Refinery  
  17  1:02  SCV  
  18  1:14  SCV  
  18  1:18  Supply Depot  
  19  1:27  Orbital Command, Reaper  
  20  1:41  Factory  
  20  1:53  SCV  
  22  2:03  Barracks Reactor  
  22  2:05  SCV  
  22  2:17  Command Center  
  22  2:20  SCV  
  23  2:26  Hellion  
  25  2:32  SCV  
  25  2:37  Supply Depot  
  26  2:38  Reaper  
  26  2:39  Reaper  
  28  2:44  SCV  
  28  2:47  Hellion  
  31  2:55  Starport  
  32  2:58  SCV  
  32  3:10  Marine, SCV  
  32  3:12  Factory Tech Lab  
  34  3:22  SCV  
  34  3:25  Marine  
  36  3:28  Marine  
  36  3:30  Cyclone  
  40  3:34  SCV  
  40  3:37  Medivac  
  43  3:45  Marine  
  43  3:46  Marine  
  43  3:47  SCV  
  46  3:50  Orbital Command  
  44  3:58  Barracks  
  44  3:59  SCV, Supply Depot  
  45  4:04  Siege Tank  
  48  4:11  Marine x2, SCV  
  48  4:15  SCV  
  52  4:17  Bunker  
  52  4:19  Starport Tech Lab  
  52  4:23  SCV  
  53  4:25  Supply Depot  
  53  4:27  SCV  
  53  4:30  Marine x2  
  56  4:36  Siege Tank  
  56  4:38  SCV  
  60  4:39  SCV  
  61  4:47  Marine  
  61  4:50  SCV  
  61  4:52  Marine x2, SCV  
  66  4:56  Refinery, Supply Depot  
  66  5:01  Barracks  
  66  5:02  SCV  
  66  5:04  SCV  
  66  5:06  Marine  
  69  5:08  Supply Depot  
  69  5:10  Marine  
  69  5:12  Supply Depot  
  70  5:17  SCV x2  
  70  5:18  Engineering Bay, Raven  
  74  5:21  Marine  
  75  5:29  SCV x2  
  75  5:30  Refinery  
  75  5:33  Supply Depot  
  75  5:34  Marine  
  78  5:38  Stimpack, Marauder  
  80  5:43  SCV, Supply Depot  
  80  5:46  Marine  
  80  5:50  SCV  
  80  5:55  Marine, SCV  
  80  5:56  Terran Infantry Weapons Level 1  
  81  6:00  Starport Reactor  
  81  6:02  Marauder, SCV, Factory Reactor  
  84  6:06  Marine  
  84  6:07  SCV  
  84  6:09  Combat Shield  
  86  6:13  Marauder  
  86  6:14  Marine  
  89  6:24  Command Center  
  84  6:26  Marine  
  84  6:27  Marauder  
  84  6:30  Supply Depot  
  84  6:32  Marine  
  85  6:33  SCV  
  85  6:34  SCV  
  85  6:35  Marauder  
  85  6:36  Medivac  
  85  6:37  Medivac  
  94  6:42  Widow Mine x2  
  94  6:46  SCV, Supply Depot  
  99  6:48  SCV  
  99  6:49  Marauder  
  99  6:50  Marine  
  99  6:52  Marine  
  104  6:57  Marauder  
  104  6:58  SCV  
  104  7:00  SCV  
  105  7:08  Barracks  
  105  7:10  SCV, Barracks  
  105  7:11  Marauder  
  105  7:13  Supply Depot  
  108  7:19  Viking  
  108  7:20  Viking  
  112  7:24  Marauder, SCV  
  112  7:26  Concussive Shells  
  112  7:29  Marine  
  114  7:31  SCV  
  114  7:33  Marauder, Widow Mine  
  114  7:35  Widow Mine  
  120  7:39  Marine  
  120  7:41  SCV  
  121  7:44  SCV  
  121  7:45  Marauder  
  121  7:48  Marine, Supply Depot  
  121  7:51  Terran Infantry Armor Level 1  
  125  7:53  SCV  
  126  7:58  Medivac x2  
  126  7:59  Barracks Tech Lab  
  126  8:00  Barracks Reactor  
  126  8:02  SCV, Supply Depot  
  126  8:05  Orbital Command  
  131  8:10  Marauder x2  
  131  8:11  Marine  
  135  8:13  SCV  
  135  8:16  Supply Depot  
  135  8:18  Marine, Widow Mine x2  
  141  8:21  Marauder  
  141  8:25  SCV  
  141  8:26  SCV  
  144  8:29  Marine  
  144  8:31  Marauder  
  147  8:36  Viking x2  
  147  8:37  Marine x2  
  147  8:38  Marauder  
  147  8:41  SCV  
  155  8:42  Marauder, SCV, Supply Depot  
  155  8:44  Marine  
  155  8:47  Marine  
  160  8:50  Widow Mine  
  160  8:52  Marauder, Widow Mine  
  160  8:53  Supply Depot  
  166  8:59  Marauder  
  166  9:02  Marine x2, Armory  
  167  9:03  Engineering Bay  
  167  9:04  Marauder  
  167  9:08  Viking  
  170  9:10  Marine  
  170  9:14  Marauder  
  173  9:19  SCV  
  173  9:21  Marauder  
  173  9:24  Viking, Refinery  
  175  9:25  Refinery  
  175  9:26  Supply Depot  
  175  9:28  Marauder, Bunker  
  175  9:30  Marine x2  
  175  9:31  Marine  
  179  9:33  Marine  
  179  9:35  Marauder  
  183  9:38  Viking  
  183  9:42  Supply Depot  
  183  9:43  Widow Mine  
  183  9:44  Widow Mine  
  189  9:48  Missile Turret  
  189  9:50  Missile Turret  
  189  9:53  SCV  
  189  9:54  Viking  
  189  9:55  SCV  
  189  9:57  Marauder  
  189  9:58  Marauder  
  197  10:04  Marauder  
  197  10:06  SCV  
  199  10:13  Marine  
  180  10:14  Widow Mine  
  180  10:15  Widow Mine  
  180  10:16  Marine  
  180  10:19  Marauder  
  180  10:20  Marine, Marauder  
  180  10:21  Marine  
  179  10:26  Marauder  
  179  10:28  Terran Infantry Armor Level 2, Terran Infantry Weapons Level 2  
  181  10:37  Command Center  
  181  10:40  Marauder  
  181  10:41  Viking  
  185  10:42  Viking  
  185  10:46  Marine x3  
  185  10:47  Marine  
  189  10:55  Marauder x2  
  191  10:58  Ghost Academy  
  191  11:00  Widow Mine x2  
  191  11:02  Marauder  
  197  11:07  Marine x2  
  197  11:09  Marine  
  197  11:10  Marine  
  197  11:12  Terran Ship Weapons Level 1  
  197  11:15  Viking  
  199  11:25  Missile Turret x2  
  199  11:27  Ghost  
  198  11:45  Barracks x2  
  198  11:46  Sensor Tower  
  198  11:47  Barracks  
  198  11:50  Medivac  
  200  11:58  Personal Cloaking  
  200  12:04  Starport  
  200  12:14  Planetary Fortress  
  198  12:26  Medivac  
  198  12:27  Marauder  
  198  12:28  Marine x2  
  198  12:29  Marauder  
  198  12:32  Medivac  
  200  12:40  Command Center  
  197  12:45  Marine, Medivac  
  197  12:46  Marauder  
  197  12:48  Marine  
  194  12:52  Marauder x2  
  194  12:53  Barracks Tech Lab x3  
  187  12:58  Medivac  
  187  12:59  Marine  
  187  13:01  Marine  
  188  13:07  Marauder  
  188  13:09  Medivac  
  182  13:13  Ghost  
  182  13:14  Marauder  
  182  13:15  Terran Infantry Armor Level 3, Terran Infantry Weapons Level 3, Missile Turret, Terran Ship Weapons Level 2  
  182  13:16  Medivac  
  182  13:18  Marauder x2  
  193  13:20  Marine, Medivac  
  193  13:22  Marine x3  
  193  13:26  Refinery  
  199  13:28  Refinery  
  199  13:30  Fusion Core  
  197  13:42  Medivac  
  199  13:54  Ghost  
  199  13:55  Marauder  
  193  13:57  Medivac  
  193  13:58  Marine, Liberator x2  
  190  14:04  Marauder  
  190  14:06  Marine, Marauder  
  195  14:12  Liberator  
  198  14:18  Advanced Ballistics  
  198  14:19  Command Center  
  197  14:27  Liberator  
  191  14:31  Missile Turret  
  191  14:32  Sensor Tower  
  191  14:35  Marauder  
  191  14:36  Marauder  
  191  14:37  Planetary Fortress  
  193  14:39  SCV x2  
  193  14:41  Liberator  
  193  14:42  Marauder  
  197  14:49  Liberator  
  200  14:54  Starport  
  198  15:16  Ghost  
  198  15:18  Nuke  
  198  15:19  Liberator  
  200  15:24  Command Center  
  198  15:30  Caduceus Reactor  
  198  15:33  Orbital Command  
  197  15:41  Refinery  
  197  15:42  Liberator  
  199  15:45  Marauder  
  196  16:13  Ghost  
  196  16:16  Liberator  
  200  16:23  Starport Reactor  
  200  16:29  Liberator  
  200  16:30  Marauder  
  200  16:31  Liberator x2  
  200  16:32  Marine  
  193  16:33  Marine  
  193  16:34  Marine, Marauder  
  193  16:35  Marine x2  
  193  16:36  Ghost  
  193  16:37  Marine  
  184  16:44  Marine  
  179  16:51  Ghost  
  179  16:52  Marine x2  
  179  16:53  Marauder  
  181  16:55  Marine x2  
  181  16:56  Marauder x2  
  181  16:58  Liberator  
  181  17:00  Orbital Command  
  190  17:02  Marine  
  190  17:05  Marine  
  192  17:09  Marine  
  192  17:14  Ghost  
  198  17:15  Marine  
  198  17:22  Marine  
Tags
 
Add a new tag
Caveats
  • Supply blocks, unpowered buildings, or Contaminate may cause inaccurate times.
  • Supply counts are checked every 10 seconds.